 Dungeon Crawl Stone Soup version 0.23-a0-607-g760965b (webtiles) character file.

2676 galech the Cleaver (level 9, -5/69 HPs)
             Began as a Demonspawn Fighter on Dec 20, 2018.
             Was a Priest of Okawaru.
             Killed by nerve-wracking pain
             ... invoked by an orc priest
              (8 damage)
             ... on level 7 of the Dungeon.
             The game lasted 00:09:52 (6020 turns).

galech the Cleaver (Demonspawn Fighter)             Turns: 6020, Time: 00:09:52

Health: -5/69      AC: 14    Str: 15 (18) XL:     9   Next: 37%
Magic:  9/9        EV:  8    Int:  7 (9)  God:    Okawaru [***...]
Gold:   203        SH:  9    Dex: 12 (15) Spells: 8/8 levels left

rFire    . . .     SeeInvis .   a - +0 war axe
rCold    + . .     Gourm    .   c - +0 shield
rNeg     . . .     Faith    .   b - +0 scale mail
rPois    .         Spirit   .   k - +1 helmet
rElec    .         Reflect  .   E - +0 cloak
rCorr    .         Harm     .   m - +0 pair of gloves
MR       .....                  (no boots)
Stlth    ..........             q - amulet of regeneration
HPRegen  0.61/turn              y - +2 ring of slaying
MPRegen  0.11/turn              d - ring of protection from cold

@: lethally poisoned (-5 -> -16), berserk cooldown, very slightly contaminated,
slowed, invisible, very slow
A: molten scales 1, demonic guardian 1
a: Heroism, Renounce Religion


You were on level 7 of the Dungeon.
You worshipped Okawaru.
Okawaru was most pleased with you.
You were not hungry.

You visited 2 branches of the dungeon, and saw 8 of its levels.

You collected 476 gold pieces.
You spent 273 gold pieces at shops.

Inventory:

Hand Weapons
 a - a +0 war axe (weapon)
Armour
 b - a +0 scale mail (worn)
 c - a +0 shield (worn)
 k - a +1 helmet (worn)
 m - a +0 pair of gloves (worn)
 C - a +0 leather armour of cold resistance
 E - a +0 cloak (worn)
Jewellery
 d - a ring of protection from cold (right hand)
 q - an amulet of regeneration (around neck)
 w - an uncursed ring of flight
 y - a +2 ring of slaying (left hand)
Wands
 F - a wand of digging (3)
Scrolls
 e - a scroll of random uselessness {unknown}
 j - 2 scrolls of fog {unknown}
 l - 2 scrolls of enchant armour
 n - 2 scrolls of remove curse
 o - 2 scrolls of enchant weapon {unknown}
 r - 2 scrolls of teleportation {unknown}
 t - 3 scrolls of blinking
 u - 2 scrolls of magic mapping
 v - a scroll of amnesia {unknown}
 x - a scroll of immolation {unknown}
 A - a scroll of identify
Potions
 i - a potion of berserk rage
 s - a potion of curing {unknown}
 z - a potion of brilliance {unknown}
 D - a potion of lignification {unknown}
Comestibles
 f - 10 rations
 B - 3 chunks of flesh


   Skills:
 + Level 5.7 Fighting
 + Level 8.1 Axes
 + Level 5.1 Armour
 + Level 2.8 Dodging
 + Level 2.0 Stealth
 + Level 5.3 Shields
 + Level 0.3 Invocations


You had 8 spell levels left.
You didn't know any spells.
Your spell library contained the following spells:

 Spells                   Type           Power        Failure   Level  Hunger
 Summon Small Mammal      Summ           #...         99%         1    ##.....
 Call Imp                 Summ           #.......     100%        2    ###....
 Call Canine Familiar     Summ           #.......     100%        3    ####...
 Summon Guardian Golem    Hex/Summ       #.......     100%        3    ####...
 Summon Ice Beast         Ice/Summ       #.......     100%        4    #####..
 Summon Lightning Spire   Summ/Air       #.......     100%        4    #####..


Dungeon Overview and Level Annotations

Branches:
Dungeon (7/15)             Temple (1/1) D:5

Altars:
Ashenzari
Gozag
Hepliaklqana
Kikubaaqudgha
Makhleb
Nemelex Xobeh
Okawaru
Ru
Sif Muna
Trog
Uskayaw
Vehumet
Xom
Yredelemnul
The Shining One

Shops:
D:4 =


Innate Abilities, Weirdness & Mutations

You are partially covered in molten scales. (AC +2)
A weak demonic guardian rushes to your aid.


Message History

Okawaru accepts your kill.
Reactivating autopickup.
You feel a bit more experienced.
It was a potion of magic.
Magic courses through your body.
* * * LOW HITPOINT WARNING * * *
You feel very sick.
Your shadow imp gestures at the orc priest.
The orc priest writhes in agony!
The orc priest hits you but does no damage.
It was a potion of invisibility.
You fade into invisibility!
* * * LOW HITPOINT WARNING * * *
You feel very sick. You block the orc priest's attack.
You are very lightly contaminated with residual magic.
* * * LOW HITPOINT WARNING * * *
You feel very sick.
The orc priest mumbles some strange prayers to Beogh against something.
Pain shoots through your body!
You die...

. ####≈≈≈)[....# . ##.##.#
#≈≈≈≈≈..##.# ## #.....#
#≈≈≈≈≈)..#.# #. ##.)..#
##≈≈≈≈....#.###### #. .....#
#≈≈≈≈≈...#.......###. ###...#
#≈≈≈≈≈......####....)
#.....####≈≈≈≈#.##.### #####.
#.†..88≈5≈≈(88...# #.
#.....)..o(@.....##########.
#.....†..o5......##.......##
######....88≈≈≈≈≈88..###.......#
...........≈≈≈≈≈##.#####.......#
...........≈≈≈≈≈##.###.........#
..........(≈≈≈≈........#.......##
####.#....≈≈≈≈≈.>......#.........
#.#...#≈≈≈≈≈.##.##.##.......##
#.#...#≈≈≈≈#.##.##.########.##


You could see an orc warrior, an orc priest, a friendly shadow imp and a
friendly ufetubus.

Vanquished Creatures
  An ugly thing (D:6)
  Grinder (D:6)
  A hippogriff (D:7)
  Eustachio (D:5)
  An orc warrior (D:7)
  Purgy (D:3)
  A black bear (D:7)
  3 centaurs (D:6)
  A big kobold (D:3)
  2 scorpions
  4 wights (D:7)
  2 howler monkeys (D:5)
  A hound (D:6)
  3 orc wizards
  4 orc priests (D:4)
  Crazy Yiuf (D:6)
  A bullfrog skeleton (D:5)
  2 centaur skeletons
  3 iguanas
  2 worker ants
  A hound zombie (D:7)
  A hound skeleton (D:4)
  A worker ant zombie (D:6)
  6 adders
  5 gnolls
  2 shadow imps
  3 oozes
  2 worms
  7 leopard geckos
  12 orcs
  4 giant cockroaches
  48 goblins
  21 hobgoblins
  4 jackals (D:2)
  11 kobolds
  6 quokkas
  A ball python zombie (D:5)
  8 bats
  9 frilled lizards
  A leopard gecko skeleton (D:4)
  A quokka zombie (D:7)
  6 rats
  A spectral orc (D:6)
197 creatures vanquished.

Vanquished Creatures (collateral kills)
  2 bullfrogs
  A scorpion (D:4)
  A crimson imp (D:4)
  An orc priest (D:7)
  4 orc wizards
  4 gnolls
  6 orcs
  A kobold (D:3)
20 creatures vanquished.

Vanquished Creatures (others)
  3 orc wizards (D:4)
  A leopard gecko skeleton (D:4)
4 creatures vanquished.

Grand Total: 221 creatures vanquished

Notes
Turn   | Place    | Note
-------+----------+-------------------------------------------
     0 | D:1      | galech the Demonspawn Fighter began the quest for the Orb.
     0 | D:1      | Reached XP level 1. HP: 18/18 MP: 1/1
   155 | D:1      | Gained mutation: A weak demonic guardian rushes to your
                  | aid. [demonic ancestry]
   155 | D:1      | Reached XP level 2. HP: 17/24 MP: 2/2
   607 | D:1      | Reached skill level 2 in Axes
   741 | D:2      | Reached XP level 3. HP: 29/29 MP: 3/3
  1251 | D:2      | Found an opulent altar of Gozag.
  1366 | D:2      | Found a glowing golden altar of the Shining One.
  1443 | D:2      | Found an ancient bone altar of Kikubaaqudgha.
  1461 | D:2      | Reached XP level 4. HP: 17/35 MP: 4/4
  1812 | D:3      | Noticed a bullfrog
  1816 | D:3      | Killed a bullfrog
  1816 | D:3      | Reached skill level 3 in Axes
  1816 | D:3      | Reached XP level 5. HP: 34/41 MP: 5/5
  1833 | D:3      | Noticed Purgy
  1849 | D:3      | Killed Purgy
  1849 | D:3      | Reached skill level 1 in Dodging
  1849 | D:3      | Reached skill level 1 in Stealth
  2170 | D:3      | Reached XP level 6. HP: 40/48 MP: 6/6
  2175 | D:3      | Reached skill level 4 in Axes
  2964 | D:4      | Found a radiant altar of Vehumet.
  2984 | D:4      | Reached XP level 7. HP: 51/53 MP: 7/7
  3071 | D:4      | Reached skill level 5 in Axes
  3188 | D:4      | Found Baisiv's Jewellery Shoppe.
  3202 | D:4      | Bought a +2 ring of slaying for 273 gold pieces
  3392 | D:5      | Entered Level 5 of the Dungeon
  3660 | D:5      | Found a staircase to the Ecumenical Temple.
  3667 | Temple   | Entered the Ecumenical Temple
  3685 | Temple   | Became a worshipper of Warmaster Okawaru
  3758 | D:5      | Found a deep blue altar of Sif Muna.
  3852 | D:5      | Noticed Eustachio
  3888 | D:5      | Killed Eustachio
  4180 | D:5      | Reached skill level 6 in Axes
  4180 | D:5      | Gained mutation: You are partially covered in molten
                  | scales. (AC +2) [demonic ancestry]
  4180 | D:5      | Reached XP level 8. HP: 61/61 MP: 8/8
  4425 | D:5      | Found a shattered altar of Ashenzari.
  4462 | D:6      | Reached * piety under Okawaru
  4471 | D:6      | Found a bloodstained altar of Trog.
  4471 | D:6      | Noticed a white ugly thing
  4486 | D:6      | Killed a white ugly thing
  4768 | D:6      | Reached skill level 5 in Fighting
  4773 | D:6      | Reached ** piety under Okawaru
  4850 | D:6      | Reached skill level 7 in Axes
  4880 | D:6      | Reached skill level 5 in Shields
  4918 | D:6      | Noticed Grinder
  4942 | D:6      | Killed Grinder
  4942 | D:6      | Reached XP level 9. HP: 32/68 MP: 9/9
  5123 | D:6      | Found a basalt altar of Yredelemnul.
  5181 | D:6      | Found a runed door.
  5358 | D:6      | Noticed Crazy Yiuf
  5364 | D:6      | Killed Crazy Yiuf
  5701 | D:7      | Reached skill level 5 in Armour
  5928 | D:7      | Found a sacrificial altar of Ru.
  5984 | D:7      | Reached *** piety under Okawaru
  5984 | D:7      | Reached skill level 8 in Axes
  6020 | D:7      | HP: 3/69 [poisoned by an orc wizard]
  6020 | D:7      | Killed from afar by an orc priest

Vault maps used:
D:1:      minmay_arrival_cross
D:2:      kiku_gazebo_pond_becter, nicolae_gozag_seed_capital, first_ration,
          nicolae_tso_swordbearing_angel
D:3:      minmay_goblin_kobold_castle, small_statue_intersection,
          minmay_fractal_squares_gapless_5, uniq_purgy
D:4:      fiery_altar_vehumet, serial_shops, shop
D:5:      lemuel_coloured_pillars_altar, temple_statues, basic_altar,
          uniq_eustachio
D:6:      bloody_trog, yredelemnul_forgotten_temple_becter,
          uniq_crazy_yiuf_cottage, uniq_grinder
D:7:      wander_river, nicolae_overflow_hidden_temple, lemuel_round_altar
Temple:   jpeg_temple_island

Skill      XL: |  1  2  3  4  5  6  7  8  9 |
---------------+----------------------------+-----
Armour         | 3 4 5 |  5.1
Shields        | 3 4 5 |  5.3
Axes           | 2 3 4 6 7 8 |  8.1
Dodging        | 1 2 |  2.8
Stealth        | 1 2 |  2.0
Fighting       | 4 5 |  5.7
Invocations    | |  0.3

Action                   |  1- 3 |  4- 6 |  7- 9 || total
-------------------------+-------+-------+-------++-------
Melee: War axe           |   175 |   217 |   285 ||   677
Invok: Heroism           |       |       |     3 ||     3
  Use: Potion            |       |     1 |     4 ||     5
       Scroll            |       |       |     4 ||     4
 Stab: Distracted        |       |       |     2 ||     2
  Eat: Chunk             |     2 |     5 |    11 ||    18
Armor: Scale mail        |   125 |   138 |   209 ||   472
Dodge: Dodged            |    79 |    91 |   135 ||   305
Block: Shield            |   112 |   122 |   180 ||   414

Table legend:
 A = Non-vault XP
 B = Vault XP
 C = Vault XP percentage of total XP
 D = Non-vault monster count
 E = Vault monster count
 F = Vault count percentage of total count
                 A         B        C        D         E       F
            +---------+---------+-------+---------+---------+-------
      Total |    2951 |     873 |  22.8 |     146 |      72 |  33.0
            +---------+---------+-------+---------+---------+-------
        D:1 |      39 |       0 |   0.0 |      22 |       0 |   0.0
        D:2 |      68 |       0 |   0.0 |      20 |       0 |   0.0
        D:3 |     121 |     390 |  76.3 |      21 |      68 |  76.4
        D:4 |     463 |       0 |   0.0 |      28 |       0 |   0.0
        D:5 |     232 |     201 |  46.4 |      10 |       1 |   9.1
        D:6 |    1064 |     282 |  21.0 |      19 |       3 |  13.6
        D:7 |     964 |       0 |   0.0 |      26 |       0 |   0.0
            +---------+---------+-------+---------+---------+-------
